 Dungeon Crawl Stone Soup version 0.20-a0-1116-gaa52201 (webtiles) character file.

198 Dirtsage the Ruffian (level 5, -6/45 HPs)
             Began as a Ghoul Fighter on May 7, 2017.
             Killed by static electricity
             ... invoked by Monsterracer's ghost
              (7 damage)
             ... on level 4 of the Dungeon.
             The game lasted 00:04:22 (2308 turns).

Dirtsage the Ruffian (Ghoul Fighter)                Turns: 2308, Time: 00:04:23

Health: -6/45      AC:  8    Str: 25    XL:     5   Next: 77%
Magic:  4/4        EV:  7    Int:  4    God:
Gold:   207        SH: 11    Dex:  8    Spells: 4/4 levels left

rFire    . . .     SeeInvis .     - Unarmed
rCold    + . .     Gourm    .   b - +0 shield
rNeg     + + +     Faith    .   a - +0 scale mail
rPois    ∞         Spirit   .   (no helmet)
rElec    .         Reflect  +   t - +1 cloak
rCorr    .         Harm     .   (no gloves)
MR       .....                  (no boots)
Stlth    ..........             q - +2 amulet of reflection
Regen    0.0/turn               p - ring of wizardry {Wiz+, !d}
MPRegen  0.1/turn               x - ring of loudness (curse) {Stlth-}

@: mighty, rotting
A: rotting body, claws 1, carnivore 3, cold resistance 1, negative energy
resistance 3, inhibited regeneration, torment resistance, unbreathing
a: no special abilities


You were on level 4 of the Dungeon.
You were not hungry.

You visited 1 branch of the dungeon, and saw 4 of its levels.

You collected 207 gold pieces.

Inventory:

Armour
 a - a +0 scale mail (worn)
 b - a +0 shield (worn)
 t - a +1 cloak (worn)
   (You found it on level 3 of the Dungeon)
Jewellery
 p - a ring of wizardry (left claw) {Wiz+, !d}
   (You found it on level 3 of the Dungeon)
 q - a +2 amulet of reflection (around neck)
   (You found it on level 3 of the Dungeon)
 x - a cursed ring of loudness (right claw) {Stlth-}
   (You found it on level 4 of the Dungeon)
Wands
 s - a wand of polymorph (8/24)
   (You found it on level 3 of the Dungeon)
Scrolls
 e - 3 scrolls of identify {unknown}
 h - 2 scrolls of random uselessness {unknown}
 j - 2 scrolls of amnesia {unknown}
 k - 2 scrolls of remove curse {unknown}
 l - 2 scrolls of enchant armour {unknown}
 n - a scroll of enchant weapon {unknown}
Potions
 f - 2 potions of cancellation {unknown}
 g - a potion of haste {unknown}
 i - a potion of curing {unknown}
 m - 2 potions of flight {unknown}
 r - a potion of heal wounds {unknown}
 v - a potion of mutation {unknown}
Comestibles
 d - 2 meat rations {@e2}
 o - 11 chunks of flesh {@w0}
 u - a royal jelly


   Skills:
 + Level 3.2 Fighting
 - Level 2.6 Armour
 - Level 2.6 Shields
 * Level 6.4 Unarmed Combat


You had 4 spell levels left.
You didn't know any spells.

Dungeon Overview and Level Annotations

Branches:
Dungeon (4/15)
 Temple: D:4-7

Altars:
Dithmenos
Qazlal

Annotations:
D:4 Monsterracer's ghost, novice TeAE


Innate Abilities, Weirdness & Mutations

Your body is rotting away.
You thrive on raw meat.
You are immune to poison.
You have sharp fingernails.
You are carnivorous and can eat meat at any time.
Your flesh is cold resistant. (rC+)
You are immune to negative energy. (rN+++)
You do not regenerate when monsters are visible.
You are immune to unholy pain and torment.
You can survive without breathing.


Message History

You block the gnoll's attack.
You claw the gnoll!
You kill the gnoll!
Items here: ) ††† a spear; a gnoll corpse x3
You butcher the gnoll corpse.
o - 3 chunks of flesh {@w0}
Things that are here:
a spear; a gnoll corpse x2
You butcher the gnoll corpse.
o - 7 chunks of flesh {@w0} (gained 4)
Things that are here:
a spear; a gnoll corpse You butcher the gnoll corpse.
o - 11 chunks of flesh {@w0} (gained 4)
You see here a spear.
You now have 203 gold pieces (gained 10).
w - a runed flail You regained 3 hp, and now have 41/45 hp.
x - a silver ring Put on which piece of jewellery? (? for menu, Esc to quit)
Oops, that ring feels deathly cold.
x - a cursed ring of loudness (right claw) Drop what? 24/52 slots (_ for help) (? for menu, Esc to quit)
You drop a runed flail.
An orc comes into view. It is wielding a mace.
The orc shouts!
The orc moves out of view.
The orc is too close now for your liking.
You scratch the orc. You scratch the orc. You block the orc's attack.
You scratch the orc.
You kill the orc!
Things that are here:
a mace; a scale mail There isn't anything to butcher here.
Found a stone staircase leading down.
You now have 207 gold pieces (gained 4).
You see here a robe.
Health restored: 45
There is a stone staircase leading down here.
An iguana comes into view.
You block the iguana's attack.
You scratch the iguana. The iguana barely misses you.
You scratch the iguana but do no damage.
The iguana closely misses you.
You scratch the iguana. You block the iguana's attack.
You barely miss the iguana. You block the iguana's attack.
You scratch the iguana. The iguana bites you.
You take 3 damage, and have 42/45 hp.
You scratch the iguana. You block the iguana's attack.
You scratch the iguana.
You kill the iguana!
No target in view!
No target in view!
You see here an iguana corpse.
Monsterracer's ghost (novice Tengu Air Elementalist) comes into view.
It is wielding a weapon of chaos.
Monsterracer's ghost turns its malevolent gaze towards you.
You swing at nothing.
You swing at nothing.
You swing at nothing.
You swing at nothing.
You swing at nothing.
You swing at nothing.
You scratch Monsterracer's ghost.
Monsterracer's ghost gestures wildly while chanting.
You are struck by lightning.
The lightning grounds out.
You take 8 damage, and have 36/45 hp.
You barely miss Monsterracer's ghost.
Monsterracer's ghost mumbles some strange words.
Monsterracer's ghost puts on a burst of speed!
You scratch Monsterracer's ghost but do no damage.
Monsterracer's ghost hits you. Monsterracer's ghost freezes you.
You take 7 damage, and have 29/45 hp.
You barely miss Monsterracer's ghost.
Monsterracer's ghost closely misses you.
You closely miss Monsterracer's ghost. Monsterracer's ghost hits you!
Monsterracer's ghost burns you.
You take 11 damage, and have 18/45 hp.
MASSIVE DAMAGE!!
Monsterracer's ghost gestures at you while chanting.
The zap hits you! x2
* * * LOW HITPOINT WARNING * * *
You take 10 damage, and have 8/45 hp.
MASSIVE DAMAGE!!
Monsterracer's ghost hits you.
* * * LOW HITPOINT WARNING * * *
Monsterracer's ghost freezes you.
* * * LOW HITPOINT WARNING * * *
You take 7 damage, and have 1/45 hp.
You see here an iguana corpse.
You feel very mighty all of a sudden.
Monsterracer's ghost closely misses you.
You closely miss Monsterracer's ghost.
Monsterracer's ghost whispers, "Everlasting silence awaits you..."
Monsterracer's ghost closely misses you.
You mangle Monsterracer's ghost!!
Monsterracer's ghost mumbles some strange words.
You are struck by lightning.
You die...

#.....#
#...#)...#
#..###...#
#.## ##..#
##[###.#.# .#
#..#....#
W####
###..####
.#.. ##.# ...
###########.#
..
#...W@....>(#
#.
#.###########
#.###.#
#.....#
#######


You could see Monsterracer's ghost.

Vanquished Creatures
  A jelly (D:4)
  An iguana (D:4)
  3 gnolls (D:4)
  5 adders
  An ooze (D:2)
  A worm (D:2)
  2 dart slugs
  2 orcs
  4 giant cockroaches
  6 hobgoblins
  4 jackals (D:3)
  8 kobolds
  A quokka (D:2)
  4 bats
  6 frilled lizards
  7 goblins
  7 rats
63 creatures vanquished.

Notes
Turn   | Place    | Note
-------+----------+-------------------------------------------
     0 | D:1      | Dirtsage the Ghoul Fighter began the quest for the Orb.
     0 | D:1      | Reached XP level 1. HP: 19/19 MP: 0/0
    51 | D:1      | Reached skill level 3 in Unarmed Combat
    51 | D:1      | Reached XP level 2. HP: 23/26 MP: 1/1
   635 | D:2      | Reached XP level 3. HP: 27/31 MP: 2/2
   674 | D:2      | Reached skill level 4 in Unarmed Combat
  1361 | D:2      | Reached XP level 4. HP: 23/37 MP: 3/3
  1608 | D:3      | Found a shadowy altar of Dithmenos.
  1687 | D:3      | Found a stormy altar of Qazlal.
  1714 | D:3      | Reached skill level 5 in Unarmed Combat
  1806 | D:3      | Found a faded altar of an unknown god.
  2153 | D:4      | Reached XP level 5. HP: 42/45 MP: 4/4
  2198 | D:4      | Reached skill level 6 in Unarmed Combat
  2286 | D:4      | Noticed Monsterracer's ghost (novice TeAE)
  2300 | D:4      | HP: 8/45 [Monsterracer's ghost/zap (9)]
  2303 | D:4      | HP: 2/45 [Monsterracer's ghost (6)]
  2308 | D:4      | Killed from afar by Monsterracer's ghost

Vault maps used:
D:1:      dpeg_arrival_arbitrary_c, hex_intersection
D:3:      lemuel_round_altar, chequers_ecumenical_altar_simple, first_bread,
          nicolae_dithmenos_shadow_blocks
D:4:      minitemple, uniq_sigmund

Skill      XL: |  1  2  3  4  5 |
---------------+----------------+-----
Unarmed Combat | 3 4 5 6 |  6.4
Fighting       | |  3.2
Armour         | |  2.6
Shields        | |  2.6

Action                   |  1- 3 |  4- 6 || total
-------------------------+-------+-------++-------
Melee: Unarmed           |   112 |   119 ||   231
  Use: Potion            |       |     1 ||     1
  Eat: Chunk             |     3 |     5 ||     8
Armor: Scale mail        |    59 |    41 ||   100
Dodge: Dodged            |    29 |    47 ||    76
Block: Shield            |    56 |    63 ||   119
       Reflection        |       |     1 ||     1

Vault maps used:
D:1:      dpeg_arrival_arbitrary_c, hex_intersection
D:3:      lemuel_round_altar, chequers_ecumenical_altar_simple, first_bread,
          nicolae_dithmenos_shadow_blocks
D:4:      minitemple, uniq_sigmund

Table legend:
 A = Turns spent in this place as a percentage of turns spent in the entire game.
 B = Non-inter-level travel turns spent in this place as a percentage of non-inter-level travel turns spent in the entire game.
 C = Inter-level travel turns spent in this place as a percentage of turns spent in this place.
 D = Turns resting spent in this place as a percentage of non-inter-level travel turns spent in this place.
 E = Turns spent auto-exploring this place as a percentage of non-inter-level travel turns spent in this place.
 F = Non-inter-level travel turns spent in this place divided by the number of levels of this place that you've seen.
                   A       B       C       D       E      F
               +-------+-------+-------+-------+-------+----------------------
         Total | 100.0 | 100.0 |   0.3 |   0.0 |  12.9 | 186.8
       Dungeon | 100.0 | 100.0 |   0.3 |   0.0 |  12.9 | 186.8
               +-------+-------+-------+-------+-------+----------------------

Table legend:
 A = Kills in this place as a percentage of kills in entire the game.
 B = Kills by you in this place as a percentage of kills by you in the entire game.
 C = Kills by friends in this place as a percentage of kills by friends in the entire game.
 D = Other kills in this place as a percentage of other kills in the entire game.
 E = Experience gained in this place as a percentage of experience gained in the entire game.
 F = Experience gained in this place divided by the number of levels of this place that you have seen.
                   A       B       C       D       E      F
               +-------+-------+-------+-------+-------+----------------------
         Total | 100.0 | 100.0 |  -nan |  -nan | 100.0 |  71.0
       Dungeon | 100.0 | 100.0 |  -nan |  -nan | 100.0 |  71.0
               +-------+-------+-------+-------+-------+----------------------
